3AAA
SANTA BARBARA GOLDEN CRANES @ GRYFINDOR BRAVES
09/02/2023
 
TOP OF THE 1ST
Santa Barbara Golden Cranes batting - Pitching for Gryfindor Braves : LHP Jim Unknown
Pitching: LHP Jim Unknown
Batting: LHB Job Pels 0-0: Ball
1-0: Swinging Strike
1-1: Fly out, F9 (Line Drive, 89S)
Batting: RHB Kyle Dempsey 0-0: Swinging Strike
0-1: Ground out 6-3 (Groundball, 6)
Batting: RHB Bill Taylor 0-0: DOUBLE (Line Drive, 7LS)
Batting: RHB John Aston 0-0: Ball
1-0: Ball
2-0: Called Strike
2-1: Ground out 1-3 (Groundball, 15S)
Top of the 1st over - 0 run(s), 1 hit(s), 0 error(s), 1 left on base; Santa Barbara 0 - Gryfindor 0
BOTTOM OF THE 1ST
Gryfindor Braves batting - Pitching for Santa Barbara Golden Cranes : RHP Cris Herrera
Pitching: RHP Cris Herrera
Batting: SHB Alonso Márquez 0-0: Ball
1-0: Called Strike
1-1: Called Strike
1-2: Foul Ball, location: 2F
1-2: Foul Ball, location: 2F
1-2: Ball
2-2: Foul Ball, location: 2F
2-2: Strikes out swinging
Batting: RHB Michael Montgomery 0-0: Ball
1-0: Fly out, F7 (Flyball, 78M)
Batting: LHB Michael Smith 0-0: SINGLE (Groundball, 56D)
Batting: RHB Rafael Arredondo 0-0: Ball
1-0: Called Strike
1-1: Ball
2-1: Swinging Strike
Michael Smith steals 2nd base
2-2: Foul Ball, location: 2F
2-2: Ball
3-2: Base on Balls
Batting: LHB Dave Lee 0-0: Ball
1-0: Foul Ball, location: 2F
1-1: Called Strike
1-2: Ground out 4-3 (Groundball, 4)
Bottom of the 1st over - 0 run(s), 1 hit(s), 0 error(s), 2 left on base; Santa Barbara 0 - Gryfindor 0
TOP OF THE 2ND
Santa Barbara Golden Cranes batting - Pitching for Gryfindor Braves : LHP Jim Unknown
Batting: LHB Ron Goodwin 0-0: Ball
1-0: Called Strike
1-1: Ball
2-1: SINGLE (Groundball, 5D)
Batting: SHB Kunimichi Chikafuji 0-0: Grounds into double play, 6-4-3 (Groundball, 6)
Batting: RHB Rob Thomason 0-0: Ground out 1-3 (Groundball, 13)
Top of the 2nd over - 0 run(s), 1 hit(s), 0 error(s), 0 left on base; Santa Barbara 0 - Gryfindor 0
BOTTOM OF THE 2ND
Gryfindor Braves batting - Pitching for Santa Barbara Golden Cranes : RHP Cris Herrera
Batting: LHB Micheal Garren 0-0: Called Strike
0-1: Foul Ball, location: 2F
0-2: Ball
1-2: Ball
2-2: Foul Ball, location: 2F
2-2: Fly out, F8 (Flyball, 8LM)
Batting: SHB Emílio Gonzáles 0-0: Ball
1-0: Ball
2-0: Ball
3-0: Called Strike
3-1: Ground out 4-3 (Groundball, 4)
Batting: SHB Reed Ramsey 0-0: Ball
1-0: Foul Ball, location: 2F
1-1: Swinging Strike
1-2: SINGLE (Groundball, 56D)
Batting: RHB Manuel González 0-0: Called Strike
Reed Ramsey steals 2nd base
0-1: Ball
1-1: Ball
2-1: Swinging Strike
2-2: Ball
3-2: Foul Ball, location: 2F
3-2: Strikes out looking
Bottom of the 2nd over - 0 run(s), 1 hit(s), 0 error(s), 1 left on base; Santa Barbara 0 - Gryfindor 0
TOP OF THE 3RD
Santa Barbara Golden Cranes batting - Pitching for Gryfindor Braves : LHP Jim Unknown
Batting: LHB Walter Kirk 0-0: Ball
1-0: Ball
2-0: Ball
3-0: Base on Balls
Batting: LHB José Meléndez 0-0: Ball
1-0: Ball
2-0: DOUBLE (Line Drive, 9D)
Walter Kirk to third
Runner from 3rd tries for Home, throw and OUT!
Batting: LHB Job Pels 0-0: Called Strike
0-1: Ball
1-1: Ground out 4-3 (Groundball, 4)
José Meléndez to third
Batting: RHB Kyle Dempsey 0-0: Ball
1-0: Swinging Strike
1-1: Ball
2-1: Fly out, F5 (Popup, 5SF)
Top of the 3rd over - 0 run(s), 1 hit(s), 0 error(s), 1 left on base; Santa Barbara 0 - Gryfindor 0
BOTTOM OF THE 3RD
Gryfindor Braves batting - Pitching for Santa Barbara Golden Cranes : RHP Cris Herrera
Batting: SHB Alonso Márquez 0-0: Called Strike
0-1: Fly out, F8 (Flyball, 8RD)
Batting: RHB Michael Montgomery 0-0: Called Strike
0-1: Ball
1-1: SINGLE (Groundball, 56D)
Batting: LHB Michael Smith 0-0: Ball
1-0: Ball
2-0: Swinging Strike
2-1: Fielders Choice at 2nd, 6-4 (Groundball, 6M)
Batting: RHB Rafael Arredondo 0-0: Called Strike
0-1: Ball
1-1: Foul Ball, location: 2F
1-2: SINGLE (Groundball, 25) (infield hit)
Michael Smith to second
Batting: LHB Dave Lee 0-0: Ball
1-0: Ball
2-0: Called Strike
2-1: Called Strike
2-2: Ball
3-2: Strikes out swinging
Bottom of the 3rd over - 0 run(s), 2 hit(s), 0 error(s), 2 left on base; Santa Barbara 0 - Gryfindor 0
TOP OF THE 4TH
Santa Barbara Golden Cranes batting - Pitching for Gryfindor Braves : LHP Jim Unknown
Batting: RHB Bill Taylor 0-0: Swinging Strike
0-1: Ball
1-1: Foul Ball, location: 2F
1-2: Foul Ball, location: 2F
1-2: Ball
2-2: Ball
3-2: Ground out 6-3 (Groundball, 6M)
Batting: RHB John Aston 0-0: Ball
1-0: SINGLE (Groundball, 56D)
Batting: LHB Ron Goodwin 0-0: Ball
1-0: Foul Ball, location: 2F
1-1: Foul Ball, location: 2F
1-2: Ball
2-2: 2-RUN HOME RUN (Flyball, 8RXD), Distance : 441 ft
Batting: SHB Kunimichi Chikafuji 0-0: Ball
1-0: Ball
2-0: Ball
3-0: Base on Balls
Batting: RHB Rob Thomason 0-0: Grounds into double play, U6-3 (Groundball, 6M)
Top of the 4th over - 2 run(s), 2 hit(s), 0 error(s), 0 left on base; Santa Barbara 2 - Gryfindor 0
BOTTOM OF THE 4TH
Gryfindor Braves batting - Pitching for Santa Barbara Golden Cranes : RHP Cris Herrera
Batting: LHB Micheal Garren 0-0: Called Strike
0-1: Foul Ball, location: 2F
0-2: Ball
1-2: Ball
2-2: Ball
3-2: Base on Balls
Batting: SHB Emílio Gonzáles 0-0: Called Strike
0-1: Swinging Strike
0-2: Strikes out swinging
Batting: SHB Reed Ramsey 0-0: Ball
Micheal Garren steals 2nd base
1-0: Ball
2-0: Called Strike
2-1: Foul Ball, location: 2F
2-2: Ball
3-2: Base on Balls
Batting: RHB Manuel González 0-0: Called Strike
0-1: Foul Ball, location: 2F
0-2: Strikes out swinging
Batting: SHB Alonso Márquez 0-0: Ball
1-0: Called Strike
1-1: Foul Ball, location: 2F
1-2: SINGLE (Groundball, 34D)
Micheal Garren to third
Reed Ramsey to second
Runner from 3rd tries for Home, SAFE, throw made at trailing runner, SAFE at third!
Batting: RHB Michael Montgomery 0-0: Ball
1-0: Called Strike
1-1: Ball
2-1: Fly out, F8 (Flyball, 78M)
Bottom of the 4th over - 1 run(s), 1 hit(s), 0 error(s), 2 left on base; Santa Barbara 2 - Gryfindor 1
TOP OF THE 5TH
Santa Barbara Golden Cranes batting - Pitching for Gryfindor Braves : LHP Jim Unknown
Batting: LHB Walter Kirk 0-0: SINGLE (Flyball, 89S)
Batting: LHB José Meléndez 0-0: Swinging Strike
Walter Kirk steals 2nd base
0-1: Bunt missed!
0-2: Strikes out looking
Batting: LHB Job Pels 0-0: Ball
Wild Pitch!
Walter Kirk to third
1-0: SINGLE (Groundball, 3L)
Walter Kirk scores
Batting: RHB Kyle Dempsey 0-0: Called Strike
0-1: Ball
1-1: Ball
2-1: Ball
3-1: Base on Balls
Job Pels to second
Batting: RHB Bill Taylor 0-0: Ball
1-0: Ball
2-0: Called Strike
2-1: Grounds into double play, 6-4-3 (Groundball, 56)
Top of the 5th over - 1 run(s), 2 hit(s), 0 error(s), 1 left on base; Santa Barbara 3 - Gryfindor 1
BOTTOM OF THE 5TH
Gryfindor Braves batting - Pitching for Santa Barbara Golden Cranes : RHP Cris Herrera
Batting: LHB Michael Smith 0-0: Ball
1-0: Ball
2-0: Called Strike
2-1: Ball
3-1: Called Strike
3-2: SINGLE (Line Drive, 5D)
Pitching: RHP Chance Wiley
Batting: RHB Rafael Arredondo 0-0: Foul Ball, location: 2F
0-1: Ball
1-1: Called Strike
1-2: Ball
2-2: Foul Ball, location: 2F
2-2: Ball
3-2: Strikes out swinging
Batting: LHB Dave Lee 0-0: Ball
1-0: Swinging Strike
1-1: Ball
2-1: Foul Ball, location: 2F
2-2: Strikes out swinging
Batting: LHB Micheal Garren 0-0: Foul Ball, location: 2F
0-1: Ball
1-1: Foul Ball, location: 2F
1-2: Strikes out swinging
Bottom of the 5th over - 0 run(s), 1 hit(s), 0 error(s), 1 left on base; Santa Barbara 3 - Gryfindor 1
TOP OF THE 6TH
Santa Barbara Golden Cranes batting - Pitching for Gryfindor Braves : LHP Jim Unknown
Batting: RHB John Aston 0-0: Called Strike
0-1: SINGLE (Line Drive, 56D)
Batting: LHB Ron Goodwin 0-0: Ball
1-0: Fly out, F7 (Flyball, 7LS)
Batting: SHB Kunimichi Chikafuji 0-0: Called Strike
0-1: Ball
1-1: Foul Ball, location: 2F
1-2: Ball
2-2: Foul Ball, location: 2F
2-2: SINGLE (Groundball, 56D) (infield hit)
John Aston to second
Batting: RHB Rob Thomason 0-0: Fly out, F8 (Flyball, 8RM)
Batting: LHB Walter Kirk 0-0: Fly out, F7 (Line Drive, 7M)
Top of the 6th over - 0 run(s), 2 hit(s), 0 error(s), 2 left on base; Santa Barbara 3 - Gryfindor 1
BOTTOM OF THE 6TH
Gryfindor Braves batting - Pitching for Santa Barbara Golden Cranes : RHP Chance Wiley
Batting: SHB Emílio Gonzáles 0-0: Ball
1-0: Called Strike
1-1: SINGLE (Groundball, 4M)
Batting: SHB Reed Ramsey 0-0: Ball
1-0: Ball
2-0: Ground out U3 (Groundball, 3S)
Emílio Gonzáles to second
Batting: RHB Manuel González 0-0: Ball
1-0: Called Strike
1-1: Called Strike
1-2: Ball
2-2: Ball
3-2: Base on Balls
Batting: SHB Alonso Márquez 0-0: Ball
1-0: Called Strike
1-1: Ball
2-1: Ball
3-1: Called Strike
3-2: Reached on error, E1 (Groundball, 25)
Emílio Gonzáles to third
Manuel González to second
Batting: RHB Michael Montgomery 0-0: Ball
1-0: Foul Ball, location: 2F
1-1: Fielders Choice at 2nd, 6-4 (Groundball, 6)
Emílio Gonzáles scores
Manuel González to third
Batting: LHB Michael Smith 0-0: Called Strike
0-1: Called Strike
0-2: Ball
1-2: Ground out 4-3 (Groundball, 4)
Bottom of the 6th over - 1 run(s), 1 hit(s), 1 error(s), 2 left on base; Santa Barbara 3 - Gryfindor 2
TOP OF THE 7TH
Santa Barbara Golden Cranes batting - Pitching for Gryfindor Braves : LHP Jim Unknown
Batting: LHB José Meléndez 0-0: Ball
1-0: Ball
2-0: Swinging Strike
2-1: Ball
3-1: Swinging Strike
3-2: Foul Ball, location: 2F
3-2: Ground out U3 (Groundball, 3)
Batting: LHB Job Pels 0-0: Called Strike
0-1: Ball
1-1: Fly out, F7 (Flyball, 78M)
Batting: RHB Kyle Dempsey 0-0: Ball
1-0: Ball
2-0: Fly out, F9 (Flyball, 9S)
Top of the 7th over - 0 run(s), 0 hit(s), 0 error(s), 0 left on base; Santa Barbara 3 - Gryfindor 2
BOTTOM OF THE 7TH
Gryfindor Braves batting - Pitching for Santa Barbara Golden Cranes : RHP Chance Wiley
Pitching: RHP Henri Pollini
Batting: RHB Rafael Arredondo 0-0: Called Strike
0-1: Ball
1-1: Ball
2-1: DOUBLE (Line Drive, 78D)
Batting: LHB Dave Lee 0-0: Ball
1-0: Fly out, F9 (Flyball, 9LS)
Batting: LHB Micheal Garren 0-0: Ball
1-0: Ball
2-0: Called Strike
2-1: Ball
3-1: Foul Ball, location: 2F
3-2: Foul Ball, location: 2F
3-2: Base on Balls
Batting: SHB Emílio Gonzáles 0-0: Swinging Strike
0-1: Grounds into double play, 6-4-3 (Groundball, 6M)
Bottom of the 7th over - 0 run(s), 1 hit(s), 0 error(s), 1 left on base; Santa Barbara 3 - Gryfindor 2
TOP OF THE 8TH
Santa Barbara Golden Cranes batting - Pitching for Gryfindor Braves : LHP Jim Unknown
Batting: RHB Bill Taylor 0-0: Called Strike
0-1: Foul Ball, location: 2F
0-2: Strikes out swinging
Batting: RHB John Aston 0-0: Ball
1-0: SINGLE (Line Drive, 7LS)
Batting: LHB Ron Goodwin 0-0: SINGLE (Line Drive, 9S)
John Aston to second
Batting: SHB Kunimichi Chikafuji 0-0: Called Strike
0-1: Ball
1-1: Ball
2-1: Ball
3-1: Called Strike
3-2: Fly out, F9 (Flyball, 9S)
Batting: RHB Rob Thomason 0-0: Called Strike
0-1: Foul Ball, location: 2F
0-2: DOUBLE (Line Drive, 7LM)
John Aston scores
Ron Goodwin to third
Pitching: RHP Steve King
Pinch Hitting: LHB Sixto Álvarez 0-0: Swinging Strike
0-1: Ball
1-1: Ball
2-1: Ground out 4-3 (Groundball, 4)
Top of the 8th over - 1 run(s), 3 hit(s), 0 error(s), 2 left on base; Santa Barbara 4 - Gryfindor 2
BOTTOM OF THE 8TH
Gryfindor Braves batting - Pitching for Santa Barbara Golden Cranes : RHP Henri Pollini
Now in LF: Sixto Álvarez
Batting: SHB Reed Ramsey 0-0: Called Strike
0-1: Fly out, F9 (Flyball, 89M)
Batting: RHB Manuel González 0-0: Ball
1-0: Ball
2-0: Foul Ball, location: 2F
2-1: Ground out 5-3 (Groundball, 15S)
Batting: SHB Alonso Márquez 0-0: Ball
1-0: Ball
2-0: Ball
3-0: Base on Balls
Batting: RHB Michael Montgomery 0-0: Ball
1-0: SINGLE (Groundball, 5D)
Alonso Márquez to second
Batting: LHB Michael Smith 0-0: Called Strike
0-1: Ball
1-1: Ground out 1-3 (Groundball, 13)
Bottom of the 8th over - 0 run(s), 1 hit(s), 0 error(s), 2 left on base; Santa Barbara 4 - Gryfindor 2
TOP OF THE 9TH
Santa Barbara Golden Cranes batting - Pitching for Gryfindor Braves : RHP Steve King
Batting: LHB José Meléndez 0-0: Called Strike
0-1: Ground out 3-1 (Groundball, 3L)
Batting: LHB Job Pels 0-0: Foul Ball, location: 2F
0-1: Called Strike
0-2: Ground out 1-3 (Groundball, 15)
Batting: RHB Kyle Dempsey 0-0: Swinging Strike
0-1: Called Strike
0-2: Ball
1-2: Strikes out looking
Top of the 9th over - 0 run(s), 0 hit(s), 0 error(s), 0 left on base; Santa Barbara 4 - Gryfindor 2
BOTTOM OF THE 9TH
Gryfindor Braves batting - Pitching for Santa Barbara Golden Cranes : RHP Henri Pollini
Pitching: RHP Jason Troughton
Batting: RHB Rafael Arredondo 0-0: DOUBLE (Flyball, 8RXD)
Batting: LHB Dave Lee 0-0: Ball
1-0: Swinging Strike
1-1: Swinging Strike
1-2: Ground out 1-3 (Groundball, 13S)
Rafael Arredondo to third
Batting: LHB Micheal Garren 0-0: Foul Ball, location: 2F
0-1: Ground out 6-3 (Groundball, 6M)
Rafael Arredondo scores
Pinch Hitting: LHB Jim Unknown 0-0: Called Strike
0-1: Ball
1-1: Ground out 4-3 (Groundball, 4S)
Bottom of the 9th over - 1 run(s), 1 hit(s), 0 error(s), 0 left on base; Santa Barbara 4 - Gryfindor 3
This league is powered by Out of the Park Baseball, the baseball management simulation game for PC, Mac and Linux
Friday, July 8th, 2016 - OOTP Baseball 16.9 Build 39